 Dungeon Sprint DCSS version 0.23.2-30-g0e89c35649 (webtiles) character file.

Game seed: 16119665666961061292

7 HASTUR3 the Magician (level 1, 0/13 HPs)
             Began as a Mummy Necromancer on June 19, 2019.
             Slain by a howler monkey (7 damage)
             ... in the Dungeon (Sprint IX: "|||||||||||||||||||||||||||||").
             The game lasted 00:00:53 (338 turns).

HASTUR3 the Magician (Mummy Necromancer)             Turns: 338, Time: 00:00:54

Health: 0/13       AC:  2    Str: 11    XL:     1   Next: 91%
Magic:  2/6        EV: 12    Int: 14    God:
Gold:   0          SH:  0    Dex: 12    Spells: 7/9 levels left

rFire    x . .     SeeInvis .   (no weapon)
rCold    + . .     Gourm    .   (no shield)
rNeg     + + +     Faith    .   a - +0 robe
rPois    ∞         Spirit   .   (no helmet)
rElec    .         Reflect  .   (no cloak)
rCorr    .         Harm     .   (no gloves)
MR       .....     NoTele   +   (no boots)
Stlth    ++........             (no amulet)
HPRegen  0.04/turn              (no ring)
MPRegen  0.10/turn              (no ring)

@: no status effects
A: no food or potions, fire vulnerability, cold resistance 1, negative energy
resistance 3, torment resistance, unbreathing
a: no special abilities


You were in the Dungeon.
You were not hungry.

You visited 1 branch

Inventory:

Armour
 a - a +0 robe (worn)
Scrolls
 c - a scroll of blinking


   Skills:
 - Level 1.5 Dodging
 - Level 1.5 Stealth
 * Level 4.7 Spellcasting
 + Level 4.5 Necromancy


You had 7 spell levels left.
You knew the following spells:

 Your Spells              Type           Power        Failure   Level  Hunger
a - Pain                  Necr           ###.         2%          1    N/A
b - Animate Skeleton      Necr           N/A          2%          1    N/A

Your spell library contained the following spells:

 Spells                   Type           Power        Failure   Level  Hunger
 Vampiric Draining        Necr           ###.......   9%          3    N/A
 Animate Dead             Necr           N/A          28%         4    N/A
 Regeneration             Chrm/Necr      Unusable     N/A         3    N/A

Dungeon Overview and Level Annotations

Branches:
Dungeon (1/1)

Altars:


Innate Abilities, Weirdness & Mutations

You do not eat or drink.
Your flesh is vulnerable to fire.
You are immune to poison.
Your flesh is cold resistant. (rC+)
You are immune to negative energy. (rN+++)
You are immune to unholy pain and torment.
You can survive without breathing.


Message History

Casting: Pain (safe; 2% risk of failure)
Confirm with . or Enter, or press ? or * to list all spells.
Aiming: Pain (safe; 2% risk of failure)
Press: ? - help, Shift-Dir - straight line, f/p - howler monkey
Aim: a howler monkey (catching its breath, chance to defeat MR: 81%)
The howler monkey writhes in agony.
The howler monkey barely misses you.
Casting: Pain (safe; 2% risk of failure)
Confirm with . or Enter, or press ? or * to list all spells.
Aiming: Pain (safe; 2% risk of failure)
Press: ? - help, Shift-Dir - straight line, f/p - howler monkey
Aim: a howler monkey (moderately wounded, catching its breath, chance to defeat MR: 81%)
The howler monkey barely resists.
The howler monkey hits you.
Casting: Pain (safe; 2% risk of failure)
Confirm with . or Enter, or press ? or * to list all spells.
Aiming: Pain (safe; 2% risk of failure)
Press: ? - help, Shift-Dir - straight line, f/p - howler monkey
Aim: a howler monkey (moderately wounded, chance to defeat MR: 81%)
The howler monkey writhes in agony!
The howler monkey hits you!
Ouch! That really hurt!
You die...

▓.▓
▓.▓
▓.▓
▓'▓
▓.▓
▓Z▓
▓Z▓
▓Z▓
▓@▓
▓h▓
▓a▓
▓h▓
▓o▓
▓Z▓
▓.▓
▓+▓


You could see a howler monkey, a hound, a worker ant, an orc, a leopard gecko
zombie, a friendly bat skeleton, a friendly goblin skeleton and a friendly
hobgoblin skeleton.

Vanquished Creatures
  A dart slug (D)
  2 bats (D)
  A goblin (D)
  A hobgoblin (D)
5 creatures vanquished.

Notes
Turn   | Place    | Note
-------+----------+-------------------------------------------
     0 | D        | HASTUR3 the Mummy Necromancer began the quest for the Orb.
     0 | D        | Reached XP level 1. HP: 13/13 MP: 4/4
   303 | D        | Learned a level 1 spell: Animate Skeleton
   334 | D        | Noticed a howler monkey
   334 | D        | Noticed a worker ant
   334 | D        | Noticed a hound
   338 | D        | Slain by a howler monkey

Skill      XL: |  1 |
---------------+----+-----
Spellcasting   | 4 |  4.7
Dodging        | |  1.5
Stealth        | |  1.5
Necromancy     | |  4.5

Action                   || total
-------------------------++-------
Melee: Unarmed           ||    11
 Cast: Pain              ||    12
       Animate Skeleton  ||     3
Armor: Robe              ||     5
Dodge: Dodged            ||    16
